 Dungeon Crawl Stone Soup version 0.29.0-4-gdea44cf6ec (webtiles) character file.

Game seed: 8899643112472595819

125 qw the Chopper (level 5, -4/37 HPs)
             Began as a Barachi Chaos Knight on Sept 5, 2022.
             Slain by an ogre
             ... wielding a +0 giant club
              (7 damage)
             ... on level 3 of the Dungeon.
             The game lasted 00:01:04 (2756 turns).

qw the Chopper (Barachi Chaos Knight)               Turns: 2756, Time: 00:01:05

Health: -4/37      AC: 10    Str: 16    XL:     5   Next: 9%
Magic:  5/5        EV:  7    Int: 15    God:
Gold:   168        SH:  0    Dex: 11    Spells: 4/4 levels left

rFire   . . .      SeeInvis .   Y - +2 hand axe (chaos)
rCold   . . .      Faith    .   (no shield)
rNeg    . . .      Spirit   .   f - +0 chain mail
rPois   .          Reflect  .   (no helmet)
rElec   +          Harm     .   (no cloak)
rCorr   .          Rampage  .   (no gloves)
Will    .....                   a - +1 pair of boots of Gellimn {rElec Str+3 Int+2}
Stlth   ..........              (no amulet)
HPRegen 0.12/turn               (no ring)
MPRegen 0.09/turn               (no ring)

@: slow
A: amphibious, slowness 1, strong legs 1, +LOS, frail 1, high MP 1, screaming 1,
weak 1, subdued magic 1
a: Hop


You were on level 3 of the Dungeon.
You visited 1 branch of the dungeon, and saw 3 of its levels.

You collected 168 gold pieces.


Innate Abilities, Weirdness & Mutations

You are amphibious.
You cover ground slowly.
You can hop short distances.
You have an extended range of vision and can be seen from far away.
You are frail. (-10% HP)
You have an increased reservoir of magic. (+10% MP)
You occasionally shout uncontrollably at your foes.
You are weak. (Str -2)
Your spells are a little easier to cast, but a little less powerful.


   Skills:
 - Level 4.0 Fighting
 + Level 6.0 Axes
 - Level 2.4 Armour
 - Level 1.1 Dodging


You had 4 spell levels left.
You didn't know any spells.
Your spell library was empty.

Inventory:

Hand Weapons
 k - a +0 morningstar
 Y - a +2 hand axe of chaos (weapon)
Armour
 a - the +1 pair of boots of Gellimn (worn) {rElec Str+3 Int+2}
   (You acquired it on level 1 of the Dungeon)

   Str:       It affects your strength (+3).
   Int:       It affects your intelligence (+2).
   rElec:     It insulates you from electricity.
 f - a +0 chain mail (worn)
Scrolls
 b - a scroll of immolation {unknown}
 h - a scroll of amnesia {unknown}
 j - a scroll of identify {unknown}
Potions
 d - a potion of flight {unknown}
 e - a potion of heal wounds {unknown}
 g - a potion of curing {unknown}
Miscellaneous
 c - a piece from Xom's chessboard (15/15)

Dungeon Overview and Level Annotations

Branches:
Dungeon (3/15)

Altars:

Shops:
D:3 :

Annotations:
D:3 1 runed translucent door, Crazy Yiuf


Message History

You slash the goblin!
You kill the goblin!
You hit the goblin.
You feel better.
The goblin is severely wounded.
You hit the goblin.
You kill the goblin!
You closely miss the goblin. The goblin hits you with a +0 club.
You slash the goblin! You freeze the goblin.
You kill the goblin!
You closely miss the goblin. You slash the goblin!
You kill the goblin!
You hit the goblin but do no damage.
The goblin goes berserk!
The goblin closely misses you.
You hit the goblin. Lightning courses through the goblin!
You kill the goblin!
Your Fighting skill increases to level 4!
You slash the goblin! You burn the goblin.
You kill the goblin!
You hit the goblin but do no damage. The goblin hits you with a +0 club.
You barely miss the goblin. The goblin hits you but does no damage.
You hit the goblin.
You kill the goblin!
You slash the ogre!
The ogre is moderately wounded.
The ogre hits you with a +0 giant club!
You closely miss the ogre.
The ogre is moderately wounded.
You hit the ogre.
The ogre is heavily wounded.
The ogre hits you with a +0 giant club!!
Ouch! That really hurt!
You hit the ogre.
The ogre is heavily wounded.
The ogre hits you with a +0 giant club!
You die...
Xom roars with laughter!

####
#..............#.#.##.
#..
#....#####.#.#.#.#.##.
#.#######.#
#.#.#.#.#.##.
#....#....#
#............
#.##.#.####
##.##.######. #.##.#.#
#.##.#...... #.##...#
###.##.#.####. #.######
###..(#.##.#.# #. #.#
##@O...#....#.# #. #.#
#.)#.(.#......# #. #.#
#..# ###.###..# #.
#.##### #..# #<# #..#
#. #.....# #..# #.#
#..# #. #####.# #..#
#.# #..# #. #.# #..#
##.###..# #. #.# #..#
#.....>.####.
#.###..####..####......


You could see an ogre.

Vanquished Creatures
  A hound (D:3)
  A river rat (D:2)
  2 adders (D:2)
  A worm (D:3)
  3 dart slugs
  2 orcs (D:3)
  3 endoplasms
  3 giant cockroaches
  13 goblins
  4 hobgoblins
  2 jackals (D:1)
  2 quokkas (D:1)
  4 ball pythons
  5 bats
  2 frilled lizards (D:1)
  4 kobolds
52 creatures vanquished.

Notes
Turn   | Place    | Note
-------+----------+-------------------------------------------
     0 | D:1      | qw the Barachi Chaos Knight began the quest for the Orb.
     0 | D:1      | Reached XP level 1. HP: 18/18 MP: 1/1
     0 | D:1      | 0 ||| qw: Version: 0.1-a-104-g96f76f8
     0 | D:1      | 0 ||| qw: Game counter: 5882
     0 | D:1      | 0 ||| qw: Always use a shield: true
     0 | D:1      | 0 ||| qw: God list: Okawaru
     0 | D:1      | 0 ||| qw: Allow faded altars: false
     0 | D:1      | 0 ||| qw: Do Orc after D:15 true
     0 | D:1      | 0 ||| qw: Do second Lair branch before Depths: true
     0 | D:1      | 0 ||| qw: Lair rune preference: random
     0 | D:1      | 0 ||| qw: Plans: Normal
     0 | D:1      | 0 ||| PLANNING D:1-11
     0 | D:1      | Fell from the grace of Xom
   238 | D:1      | XOM: 7-stop teleportation journey
   285 | D:1      | Reached XP level 2. HP: 24/24 MP: 2/2
   371 | D:1      | 371 ||| Stepping ~*~*~tactically~*~*~ (stealth).
   373 | D:1      | 373 ||| Stepping ~*~*~tactically~*~*~ (stealth).
   376 | D:1      | 376 ||| Stepping ~*~*~tactically~*~*~ (stealth).
   380 | D:1      | Reached skill level 4 in Axes
   557 | D:1      | 557 ||| Stepping ~*~*~tactically~*~*~ (stealth).
   558 | D:1      | 558 ||| Stepping ~*~*~tactically~*~*~ (stealth).
   559 | D:1      | 559 ||| Stepping ~*~*~tactically~*~*~ (stealth).
   560 | D:1      | 560 ||| Stepping ~*~*~tactically~*~*~ (stealth).
   594 | D:1      | 594 ||| Stepping ~*~*~tactically~*~*~ (stealth).
   648 | D:1      | 648 ||| Stepping ~*~*~tactically~*~*~ (stealth).
   650 | D:1      | 650 ||| Stepping ~*~*~tactically~*~*~ (stealth).
   651 | D:1      | 651 ||| Stepping ~*~*~tactically~*~*~ (stealth).
   655 | D:1      | 655 ||| Stepping ~*~*~tactically~*~*~ (stealth).
   668 | D:1      | XOM: give mutations
   668 | D:1      | Gained mutation: You occasionally lose the ability to drink
                  | potions when taking damage. [Xom's mischief]
   668 | D:1      | Gained mutation: Your spells are a little easier to cast,
                  | but a little less powerful. [Xom's mischief]
   678 | D:1      | 678 ||| Stepping ~*~*~tactically~*~*~ (stealth).
   679 | D:1      | 679 ||| Stepping ~*~*~tactically~*~*~ (stealth).
   684 | D:1      | 684 ||| Stepping ~*~*~tactically~*~*~ (stealth).
   685 | D:1      | 685 ||| Stepping ~*~*~tactically~*~*~ (stealth).
   687 | D:1      | 687 ||| Stepping ~*~*~tactically~*~*~ (hiding).
   748 | D:1      | 748 ||| DROPPING +0 club.
   936 | D:1      | Reached XP level 3. HP: 24/29 MP: 3/3
  1078 | D:1      | 1078 ||| DROPPING +6 ring of intelligence.
  1079 | D:1      | 1079 ||| READING scroll labelled REIRCH QOAFITT.
  1080 | D:1      | 1080 ||| READING scroll labelled ZOANOTW NUETA.
  1080 | D:1      | Identified a scroll of acquirement
  1080 | D:1      | 1080 ||| ACQUIRING +1 pair of boots of Gellimn {rElec Str+3
                  | Int+2}
  1080 | D:1      | Acquired the +1 pair of boots of Gellimn {rElec Str+3
                  | Int+2}
  1082 | D:1      | 1082 ||| UPGRADING to +1 pair of boots of Gellimn {rElec
                  | Str+3 Int+2}.
  1087 | D:1      | 1087 ||| READING scroll labelled WICWOZXESOC.
  1088 | D:1      | 1088 ||| READING scroll labelled NEDUMA RUADU.
  1097 | D:2      | XOM: noise
  1279 | D:2      | 1279 ||| Stepping ~*~*~tactically~*~*~ (stealth).
  1280 | D:2      | 1280 ||| Stepping ~*~*~tactically~*~*~ (stealth).
  1451 | D:2      | 1451 ||| Stepping ~*~*~tactically~*~*~ (stealth).
  1454 | D:2      | 1454 ||| Stepping ~*~*~tactically~*~*~ (stealth).
  1456 | D:2      | Reached skill level 5 in Axes
  1464 | D:2      | XOM: polymorph kobold -> river rat
  1471 | D:2      | Reached XP level 4. HP: 34/36 MP: 4/4
  1786 | D:2      | 1786 ||| UPGRADING to +0 chain mail.
  1796 | D:2      | 1796 ||| DROPPING +2 leather armour.
  2015 | D:3      | Found a faded altar of an unknown god.
  2020 | D:3      | Found Uhyug's Book Shop.
  2049 | D:3      | Reached skill level 6 in Axes
  2086 | D:3      | 2086 ||| READING scroll of enchant weapon.
  2086 | D:3      | 2086 ||| ENCHANTING +1 hand axe of chaos.
  2138 | D:3      | Found a runed translucent door.
  2139 | D:3      | Noticed Crazy Yiuf
  2163 | D:3      | 2163 ||| Stepping ~*~*~tactically~*~*~ (hiding).
  2364 | D:3      | XOM: torment (20/37 hp)
  2515 | D:3      | XOM: give mutations
  2515 | D:3      | Gained mutation: You are frail. (-10% HP) [Xom's mischief]
  2515 | D:3      | Gained mutation: You occasionally shout uncontrollably at
                  | your foes. [Xom's mischief]
  2515 | D:3      | Gained mutation: You have an increased reservoir of magic.
                  | (+10% MP) [Xom's mischief]
  2515 | D:3      | Gained mutation: You are weak. (Str -2) [Xom's mischief]
  2569 | D:3      | 2569 ||| DROPPING +0 whip.
  2651 | D:3      | Reached XP level 5. HP: 37/37 MP: 5/5
  2666 | D:3      | XOM: give mutations
  2666 | D:3      | Gained mutation: Your body sometimes deteriorates upon
                  | taking damage. [Xom's mischief]
  2666 | D:3      | Lost mutation: You occasionally lose the ability to drink
                  | potions when taking damage. [Xom's mischief]
  2666 | D:3      | Lost mutation: Your body sometimes deteriorates upon taking
                  | damage. [Xom's mischief]
  2737 | D:3      | Noticed an ogre
  2755 | D:3      | HP: 3/37 [ogre/+0 giant club (21)]
  2756 | D:3      | Slain by an ogre

Levels and vault maps discovered:
D:1:      roderic_chinese_lattice_arrival, layout_basic,
          hangedman_decor_opposing
D:2:      layout_basic, minmay_nonomino_d4
D:3:      layout_loops_ring, dreamdust_ecumenical_altar_statues, serial_shops,
          nicolae_shop_advertising_works [nicolae_subvault_shop_adworks],
          minmay_ogre_servants, uniq_crazy_yiuf_cottage

Skill      XL: |  1  2  3  4  5 |
---------------+----------------+-----
Axes           | 4 5 6 |  6.0
Fighting       | 4 |  4.0
Armour         | |  2.4
Dodging        | |  1.1

Action                   |  1- 3 |  4- 6 || total
-------------------------+-------+-------++-------
Melee: Hand axe          |   106 |    53 ||   159
Invok: Renounce Religion |     1 |       ||     1
  Use: Scroll            |     4 |     1 ||     5
 Stab: Paralysed         |       |     3 ||     3
Armor: Leather armour    |    39 |     1 ||    40
       Chain mail        |       |    15 ||    15
Dodge: Dodged            |    55 |    12 ||    67

Table legend:
 A = Non-vault XP
 B = Vault XP
 C = Vault XP percentage of total XP
 D = Non-vault monster count
 E = Vault monster count
 F = Vault count percentage of total count
                 A         B        C        D         E       F
            +---------+---------+-------+---------+---------+-------
      Total |     132 |      47 |  26.3 |      38 |      14 |  26.9
            +---------+---------+-------+---------+---------+-------
        D:1 |      36 |       0 |   0.0 |      21 |       0 |   0.0
        D:2 |      27 |      34 |  55.7 |       7 |       6 |  46.2
        D:3 |      69 |      13 |  15.9 |      10 |       8 |  44.4
            +---------+---------+-------+---------+---------+-------
